 Dungeon Crawl Stone Soup version 0.27-a0-1287-gca74d27db6 (webtiles) character file.

Game seed: 9962970392970134884

149 Mesmaeker13 the Caller (level 5, 0/52 HPs)
             Began as a Human Summoner on June 14, 2021.
             Was a Follower of Sif Muna.
             Succumbed to an adder's poison
             ... on level 3 of the Dungeon.
             The game lasted 00:04:56 (3842 turns).

Mesmaeker13 the Caller (Human Summoner)             Turns: 3842, Time: 00:04:56

Health: 0/52       AC:  3    Str: 14    XL:     5   Next: 56%
Magic:  6/9        EV: 13    Int: 16    God:    Sif Muna [*.....]
Gold:   68         SH:  0    Dex: 14    Spells: 4/10 levels left

rFire    . . .     SeeInvis .   h - +2 dagger (vamp)
rCold    . . .     Faith    .   (no shield)
rNeg     . . .     Spirit   .   a - +0 robe
rPois    .         Reflect  .   c - +0 helmet
rElec    .         Harm     .   (no cloak)
rCorr    .         Rampage  .   (no gloves)
Will     .....                  (no boots)
Stlth    ..........             (no amulet)
HPRegen  0.17/turn              n - +6 ring of strength
MPRegen  0.11/turn              (no ring)

@: berserking, lethally poisoned (0 -> -4), very quick
A: no striking features
a: Renounce Religion, Channel Magic


You were on level 3 of the Dungeon.
You worshipped Sif Muna.
Sif Muna was aware of your devotion.
You visited 1 branch of the dungeon, and saw 4 of its levels.

You collected 68 gold pieces.

Inventory:

Hand Weapons
 f - a +0 spear
 h - a +2 vampiric dagger (weapon)
Missiles
 e - 5 poisoned darts (quivered)
Armour
 a - a +0 robe (worn)
 c - a +0 helmet (worn)
Jewellery
 n - a +6 ring of strength (left hand)
Scrolls
 d - a scroll of magic mapping
 g - a scroll of teleportation
 i - 2 scrolls of noise
 k - a scroll of blinking {unknown}
 m - a scroll of identify {unknown}
 o - a scroll of vulnerability {unknown}
Potions
 b - a potion of lignification {unknown}
 j - a potion of berserk rage
 l - 2 potions of curing {unknown}


   Skills:
 + Level 3.4 Dodging
 - Level 2.0 Stealth
 + Level 3.2 Spellcasting
 + Level 4.9 Summonings


You had 4 spell levels left.
You knew the following spells:

 Your Spells              Type           Power      Damage    Failure   Level
a - Summon Small Mammal   Summ           72%        N/A       2%          1
b - Call Imp              Summ           18%        N/A       3%          2
c - Call Canine Familiar  Summ           18%        N/A       7%          3

Your spell library contained the following spells:

 Spells                   Type           Power      Damage    Failure   Level
 Summon Guardian Golem    Hex/Summ       10%        N/A       21%         3
 Summon Ice Beast         Ice/Summ       10%        N/A       54%         4
 Summon Lightning Spire   Summ/Air       10%        N/A       54%         4
 Ice Form                 Ice/Tmut       2%         N/A       88%         4
 Freezing Cloud           Conj/Ice/Air   1%         6-21      99%         5
 Simulacrum               Ice/Necr       1%         N/A       100%        6
 Ozocubu's Refrigeration  Ice            1%         4d5       100%        7


Dungeon Overview and Level Annotations

Branches:
Dungeon (4/15)             Temple (0/1) D:4

Altars:
Ashenzari
Ru
Sif Muna


Message History

The hound barely misses you. The adder misses you.
You closely miss the adder.
The adder is almost dead.
The hound bites you.
* * * LOW HITPOINT WARNING * * *
Your hound bites the hound but does no damage.
The adder closely misses you. The hound bites your hound.
Your hound barely misses the hound.
You barely miss the adder.
The adder is almost dead.
The adder bites you but does no damage. The hound misses you.
Your hound bites the hound.
The adder misses you.
You barely miss the adder.
The adder is almost dead.
The hound barely misses you.
Your hound bites the hound but does no damage.
The hound misses you. The adder bites you.
* * * LOW HITPOINT WARNING * * *
You are lethally poisoned!
The adder poisons you!
Your hound closely misses the hound.
You hit the adder.
You feel better.
You kill the adder!
Sif Muna accepts your kill.
* * * LOW HITPOINT WARNING * * *
You feel sick. The hound bites you.
* * * LOW HITPOINT WARNING * * *
Your hound bites the hound.
Unknown command.
It was a potion of berserk rage.
A red film seems to cover your vision as you go berserk!
You feel yourself moving faster!
You feel mighty!
* * * LOW HITPOINT WARNING * * *
You feel sick. The hound completely misses you.
Your hound closely misses the hound.
The hound barely misses you.
Your hound bites the hound.
You are too berserk!
You are too berserk!
You are too berserk!
You feel a strong urge to attack something.
You die...

####
#..###..........<.......#
...#
#'###..#.#.########...###
...#
♣.♣♣#..#.#.####.......#
...#
♣8.♣####............###
...## ♣.8♣ ##..####.....#
### ....# ♣♣.♣ ##..##
####### #.. )[..#####'#
#..h.# #.# #)#.......#
#.h>.# #######.#
[.######### #.@.†#
#.......# .## #....#
#.####### .# ###### #.#
.# #.####### .####
#.##....# ....##
#.###+#.# ###..#
#.#.....# ##.## #.#.....#
#..# #.#.....#


You could see a hound (ally target) and a friendly hound (summoned).

Vanquished Creatures
  A scorpion (D:3)
  An adder (D:3)
  An adder skeleton (D:4)
  A dart slug (D:2)
  An orc (D:3)
  4 ball pythons
  7 endoplasms
  3 giant cockroaches
  4 goblins
  A hobgoblin (D:3)
  6 bats
  A frilled lizard (D:1)
  2 kobolds
  4 rats
37 creatures vanquished.

Vanquished Creatures (collateral kills)
  3 gnolls (D:2)
  An adder (D:2)
  A worm (D:2)
  3 orcs (D:3)
  2 endoplasms (D:1)
  A hobgoblin (D:1)
  2 quokkas
  A ball python (D:1)
  4 bats
  A frilled lizard (D:3)
  3 goblins
  A kobold (D:1)
  3 rats (D:1)
26 creatures vanquished.

Grand Total: 63 creatures vanquished

Notes
Turn   | Place    | Note
-------+----------+-------------------------------------------
     0 | D:1      | Mesmaeker13 the Human Summoner began the quest for the Orb.
     0 | D:1      | Reached XP level 1. HP: 13/13 MP: 3/3
   400 | D:1      | Reached XP level 2. HP: 19/19 MP: 1/5
  1426 | D:1      | Reached XP level 3. HP: 24/24 MP: 6/6
  1567 | D:2      | Learned a level 2 spell: Call Imp
  2186 | D:2      | Reached XP level 4. HP: 29/30 MP: 6/8
  2495 | D:2      | Found a shimmering blue altar of Sif Muna.
  2504 | D:2      | Became a worshipper of Sif Muna the Loreminder
  2843 | D:3      | Learned a level 3 spell: Call Canine Familiar
  2982 | D:3      | Noticed a scorpion
  2990 | D:3      | Killed a scorpion
  2991 | D:3      | Reached XP level 5. HP: 35/35 MP: 6/9
  3304 | D:3      | Found a faded altar of an unknown god.
  3306 | D:3      | Found a broken altar of Ashenzari.
  3614 | D:3      | Reached * piety under Sif Muna
  3630 | D:3      | Found a sacrificial altar of Ru.
  3840 | D:3      | HP: 1/35 [hound (5)]
  3842 | D:3      | Succumbed to an adder's poison

Illustrated notes

Levels and vault maps discovered:
D:1:      dpeg_arrival_court, layout_basic
D:2:      layout_loops_corners, basic_altar, kennysheep_cluttered_room,
          roderic_lattice_a
D:3:      layout_basic, lemuel_crystal_altar, nicolae_ru_sacrificial_ziggurat,
          basic_ecumenical_altar, kennysheep_generic_room_14
D:4:      layout_basic, lemuel_tele_altar, gammafunk_temple_overflow_statue,
          temple_doors_cd, ebering_ghost_reflecting_pool, uniq_natasha,
          uniq_duvessa

Skill      XL: |  1  2  3  4 |
---------------+-------------+-----
Dodging        | 3 |  3.4
Spellcasting   | 3 |  3.2
Stealth        | |  2.0
Summonings     | |  4.9

Action                   |  1- 3 |  4- 6 || total
-------------------------+-------+-------++-------
Melee: Unarmed           |    33 |       ||    33
       Dagger            |    43 |    79 ||   122
Throw: Dart              |     8 |     8 ||    16
 Cast: Summon Small Mamm |    24 |     3 ||    27
       Call Imp          |     8 |    12 ||    20
       Call Canine Famil |       |     1 ||     1
  Use: Scroll            |       |     3 ||     3
       Potion            |       |     1 ||     1
 Stab: Sleeping          |     5 |     8 ||    13
Armor: Robe              |    34 |    18 ||    52
Dodge: Dodged            |    63 |    51 ||   114

Table legend: (Time is in decaauts)
 A = Elapsed time spent in this place.
 B = Non-inter-level travel time spent in this place.
 C = Inter-level travel time spent in this place.
 D = Time resting spent in this place.
 E = Time spent auto-exploring this place.
 F = Levels seen in this place.
 G = Mean time per level.
                   A        B        C        D        E       F      G
               +--------+--------+--------+--------+--------+-----+--------+
         Total |   3842 |   3665 |    177 |    681 |   2305 |   4 |  960.5 |
       Dungeon |   3842 |   3665 |    177 |    681 |   2305 |   4 |  960.5 |
               +--------+--------+--------+--------+--------+-----+--------+

Top non-repeatable levels by time:
     D:1: 1525 daAuts
     D:2: 1439 daAuts
     D:3: 858 daAuts
     D:4: 19 daAuts
